Map: Frostline LE

Players

Darius - Winner!

  • Race: Protoss Protoss
  • League: Gold
  • Spawn Location: 7:00

WeAreLegion

  • Race: Terran Terran
  • League: Gold
  • Spawn Location: 1:00

VOD

Have the link to the VOD?

Description

Time

  • Played on: Dec. 16, 2024, 10:51 p.m.
  • Length: 14:40
Show
View Real Time Build Order
Export as new Build Order

Darius Protoss - Winner!

Build Orders: Double Forge 

Get SALT Encoding   

  12  0:00  Probe  
  13  0:12  Probe  
  14  0:21  Pylon  
  14  0:31  Probe  
  15  0:42  Probe  
  15  0:43  Gateway  
  16  0:53  Probe  
  17  0:59  Assimilator  
  17  1:01  Probe  
  17  1:09  Pylon, Probe  
  19  1:24  Forge  
  19  1:25  Probe  
  20  1:38  Probe  
  21  1:50  Cybernetics Core, Probe  
  22  1:54  Assimilator  
  22  2:02  Probe  
  23  2:20  Nexus  
  23  2:22  Pylon  
  23  2:28  Stalker  
  23  2:29  Probe  
  24  2:47  Probe  
  25  2:59  Probe, Photon Cannon  
  25  3:03  Photon Cannon  
  26  3:32  Stalker  
  26  3:37  Probe  
  26  3:38  Pylon  
  29  3:42  Probe  
  29  3:45  Probe  
  30  3:50  Probe  
  30  3:55  Probe  
  32  4:00  Robotics Facility, Probe  
  34  4:04  Gateway  
  34  4:07  Probe  
  35  4:12  Probe  
  35  4:15  Assimilator  
  36  4:17  Assimilator  
  36  4:20  Pylon, Protoss Ground Weapons Level 1  
  36  4:24  Probe  
  37  4:25  Warp Gate  
  37  4:35  Forge  
  37  4:36  Probe  
  38  4:40  Stalker  
  40  4:47  Photon Cannon  
  40  4:50  Shield Battery  
  40  4:55  Probe  
  40  4:56  Probe  
  42  5:08  Protoss Ground Armor Level 1, Probe x2  
  42  5:09  Photon Cannon  
  42  5:12  Gateway  
  44  5:24  Robotics Bay  
  44  5:27  Probe  
  44  5:30  Probe  
  44  5:35  Probe  
  46  5:42  Probe  
  48  5:44  Probe  
  49  5:54  Probe  
  50  5:58  Gateway  
  50  6:00  Gateway  
  50  6:01  Observer, Pylon  
  51  6:06  Extended Thermal Lance  
  51  6:19  Colossus  
  57  6:28  Pylon  
  57  6:32  Nexus  
  57  6:35  Pylon  
  57  6:39  Probe x2  
  59  6:41  Stalker x2  
  59  6:42  Sentry  
  65  6:58  Protoss Shields Level 1  
  65  7:02  Pylon  
  65  7:08  Twilight Council  
  65  7:13  Photon Cannon  
  65  7:15  Photon Cannon  
  65  7:20  Pylon  
  65  7:26  Observer  
  66  7:37  Colossus  
  73  7:58  Probe x2  
  73  7:59  Probe  
  73  8:03  Stalker  
  73  8:04  Stalker x4  
  85  8:10  Probe x2  
  77  8:47  Photon Cannon  
  77  8:50  Photon Cannon  
  77  8:51  Shield Battery  
  77  8:53  Shield Battery  
  77  8:55  Stalker x4  
  83  8:56  Stalker  
  83  8:57  Assimilator  
  83  9:00  Blink  
  83  9:01  Assimilator  
  81  9:05  Protoss Ground Armor Level 2, Protoss Ground Weapons Level 2  
  81  9:21  Colossus  
  87  9:29  Robotics Facility  
  87  9:31  Pylon  
  87  9:46  Probe  
  87  9:52  Stalker x4  
  94  9:53  Stalker  
  94  9:58  Probe  
  99  10:06  Warp Prism  
  99  10:10  Probe  
  77  11:22  Protoss Ground Armor Level 3  
  77  11:23  Protoss Ground Weapons Level 3  
  77  11:24  Stalker  
  77  11:25  Stalker x3  
  81  11:26  Stalker  
  87  11:36  Colossus  
  87  11:39  Colossus  
  93  11:47  Stalker  
  93  11:49  Stalker x4  
  103  12:07  Gateway x2  
  103  12:09  Gateway  
  103  12:11  Gateway  
  103  12:15  Pylon  
  103  12:16  Pylon  
  103  12:18  Pylon  
  103  12:24  Dark Shrine  
  103  12:28  Nexus, Twilight Council  
  103  12:30  Pylon  
  103  12:33  Pylon, Colossus x2  
  114  12:40  Stalker x4  
  114  12:41  Stalker  
  90  13:27  Stalker x2  
  90  13:28  Stalker x3  
  90  13:29  Stalker x4  
  107  13:59  Stalker x4  
  100  14:16  Probe x2  
  99  14:24  Dark Templar  
Show
View Real Time Build Order
Export as new Build Order

WeAreLegion Terran 

Build Orders:  

Get SALT Encoding   

  12  0:00  SCV  
  13  0:12  SCV  
  14  0:17  Supply Depot  
  14  0:24  SCV  
  15  0:38  SCV  
  15  0:40  Barracks  
  16  0:44  Refinery  
  16  0:51  SCV  
  17  1:03  SCV  
  18  1:15  SCV  
  20  1:34  Orbital Command  
  20  1:35  Reaper  
  20  2:02  SCV, Command Center  
  21  2:13  Supply Depot  
  21  2:27  SCV  
  22  2:30  Barracks Reactor  
  22  2:39  SCV  
  23  2:46  Factory  
  23  2:49  Barracks  
  23  2:51  SCV  
  23  2:55  Refinery  
  24  3:03  SCV  
  25  3:15  SCV  
  26  3:27  SCV  
  26  3:34  Orbital Command  
  27  3:38  Starport  
  27  3:39  SCV  
  27  3:40  Barracks Tech Lab  
  28  3:44  Widow Mine  
  30  3:51  Marine  
  30  3:52  SCV  
  32  3:57  Marine x2  
  32  4:02  Stimpack  
  34  4:03  SCV  
  34  4:04  SCV  
  34  4:09  Marine  
  37  4:15  Marine x2  
  39  4:27  Marine  
  39  4:29  Engineering Bay  
  40  4:33  Marine  
  40  4:34  Supply Depot, SCV x2  
  40  4:35  Marine  
  40  4:37  Starport Tech Lab  
  44  4:43  Barracks x2  
  44  4:45  Marine  
  45  4:46  SCV  
  45  4:47  Refinery  
  45  4:48  Refinery  
  46  4:56  SCV  
  46  4:57  Supply Depot  
  46  4:58  Supply Depot, SCV  
  48  5:08  SCV  
  48  5:09  Viking  
  48  5:10  SCV  
  48  5:11  Marine x2  
  48  5:12  Factory Tech Lab  
  54  5:20  SCV, Terran Infantry Weapons Level 1  
  55  5:22  Supply Depot, SCV  
  56  5:28  Supply Depot  
  56  5:31  Marine x2  
  56  5:32  SCV  
  56  5:35  SCV  
  60  5:40  Raven  
  60  5:41  Interference Matrix  
  62  5:44  Siege Tank  
  62  5:46  Barracks Reactor  
  62  5:48  Marine  
  62  5:49  Barracks Tech Lab, Marine x2  
  68  5:57  Supply Depot  
  68  6:05  SCV x2  
  68  6:06  Marine  
  71  6:12  Barracks  
  71  6:15  Marine x3  
  71  6:17  SCV x2  
  76  6:24  Marine  
  77  6:27  Command Center  
  77  6:29  SCV  
  78  6:33  Marine, Marauder  
  78  6:36  SCV  
  82  6:41  SCV  
  82  6:45  Supply Depot  
  83  6:49  Supply Depot  
  83  6:51  Missile Turret  
  83  6:54  Marine x5  
  83  6:55  Marine, Missile Turret  
  83  6:57  Combat Shield  
  89  7:06  Siege Tank  
  92  7:10  Raven  
  92  7:12  SCV, Marine x3  
  92  7:14  SCV  
  92  7:15  Marine  
  100  7:18  Supply Depot  
  100  7:22  Supply Depot  
  100  7:29  SCV  
  102  7:30  SCV  
  102  7:35  Barracks Reactor  
  102  7:41  Marine x6  
  102  7:42  SCV x2  
  110  7:59  Marine x3  
  110  8:00  Marauder x2  
  110  8:01  Supply Depot  
  110  8:02  Supply Depot  
  113  8:21  Marauder x2  
  85  8:42  Marauder  
  75  9:05  Marine x3  
  77  9:10  Marine x2  
  77  9:11  Marine x3  
  77  9:12  Siege Tank  
  77  9:16  Medivac  
  87  9:27  Planetary Fortress  
  87  9:29  Marauder x2  
  91  9:37  Marine x6  
  97  9:44  Siege Tank  
  100  9:46  Medivac  
  100  9:50  Marauder x2  
  100  9:51  Supply Depot  
  100  9:52  Supply Depot  
  106  9:53  Armory  
  106  9:54  Engineering Bay  
  106  9:55  Marine x2  
  108  10:01  SCV  
  108  10:02  SCV  
  110  10:12  Marauder x2  
  110  10:13  SCV  
  110  10:14  SCV, Marine  
  116  10:15  Marine x5  
  116  10:16  Siege Tank, Medivac  
  127  10:32  Marine x2  
  127  10:33  Marine x2, Marauder x2  
  128  10:46  Medivac  
  123  10:54  Marauder  
  123  10:55  Marauder  
  96  11:16  Marauder x2  
  98  11:27  Marine x4  
  98  11:28  Marine x2  
  98  11:29  Siege Tank  
  107  11:37  Marauder x2  
  110  11:45  Marine x3  
  105  11:59  Marauder x2  
  109  12:01  Siege Tank  
  109  12:02  SCV x2  
  114  12:14  SCV x2  
  116  12:16  Refinery  
  116  12:18  Command Center  
  116  12:19  Refinery  
  116  12:20  Marauder x2  
  120  12:24  Marine x5  
  120  12:26  SCV x2  
  127  12:31  Command Center  
  127  12:33  Siege Tank  
  130  12:38  SCV  
  130  12:41  Marauder  
  130  12:42  Marauder  
  135  12:44  Command Center  
  131  13:03  Marauder x2  
  117  13:05  Siege Tank  
  117  13:10  Marine x3  
  117  13:18  Marine x2  
  117  13:19  Viking  
  110  13:24  Marauder x2  
  103  13:31  Marine x4  
  88  13:46  Marauder x2  
  84  13:49  Viking  
  84  13:50  Marine x4  
  68  14:21  Marine  
Tags
 
League
GoldGold
Matchup
PvT
Replay Pack
December
Spawn Locations
Cross Positions
Add a new tag
Caveats
  • Supply blocks, unpowered buildings, or Contaminate may cause inaccurate times.
  • Supply counts are checked every 10 seconds.